AoeStats
← Cuchodark_79

Arena

510468351Analyzed
1v1 RM · 20h ago on Oct 1, 2026· 64m 17s· 2 players
Game mode
Random Map
Map size
Tiny (2 player)
Population
200
Speed
Normal
Resources
Standard
Victory
Conquest
Starting age
Dark Age
Ending age
Imperial Age
RankedLock teamsTeams togetherTeam positionsShared explorationLock speedFull tech treeHidden civsTurbo modeCheats
Victory
Defeat
🇲🇽 Malay · Mexico
1084
+15
🇨🇱 Mapuche · Chile
1066
-15
Cuchodark_79
10:30 Feudal Age
8:47 Loom
15:39 Castle Age
14:04 Double-Bit Axe
14:48 Stone Mining
15:31 Gold Mining
16:05 Horse Collar
23:13 Town Watch
23:31 Heavy Plow
29:10 Imperial Age
28:08 Wheelbarrow
27:46 Bow Saw
28:52 Stone Shaft Mining
28:24 Heavy Plow
30:06 Fletching
31:09 Bodkin Arrow
35:18 Conscription
35:10 Forging
35:52 Padded Archer Armor
36:59 Ballistics
36:51 Masonry
37:22 Leather Archer Armor
41:53 Hoardings
42:33 Gold Shaft Mining
41:52 Elite Bolas Rider
43:36 Elite Skirmisher
45:15 Crop Rotation
47:45 Chemistry
47:39 Malon
52:49 Hand Cart
59:48 Hoardings
cgam05
13:04 Feudal Age
16:19 Castle Age
14:38 Stone Mining
15:22 Double-Bit Axe
22:46 Bow Saw
23:18 Loom
24:09 Wheelbarrow
23:42 Elite Skirmisher
24:57 Treadmill Crane
25:15 Fletching
26:05 Bodkin Arrow
27:29 Ballistics
27:53 Pikeman
33:22 Imperial Age
31:33 Gold Mining
34:23 Chemistry
34:36 Bracer
34:15 Halberdier
38:07 Gold Shaft Mining
39:43 Forging
40:48 Hand Cart
41:37 Iron Casting
41:12 Siege Engineers
41:00 Crossbowman
44:21 Padded Archer Armor
45:21 Blast Furnace
44:18 Capped Ram
46:18 Forced Levy
46:38 Conscription
46:19 Forced Levy
46:00 Elite Karambit Warrior
47:55 Man-at-Arms
48:36 Squires
49:00 Long Swordsman
50:29 Leather Archer Armor
49:41 Two-Handed Swordsman
50:07 Arson
56:40 Ring Archer Armor
57:50 Thumb Ring
57:05 Arbalester
Connection lost

Rejoining the realm…

Still unreachable

The connection could not be restored.

Session expired

The server has moved on; the page needs a fresh start.